Map: [ESL] Dragon Scales

Players

Nice - Winner!

  • Race: Protoss Protoss
  • Spawn Location: 11:00

IGXY (XY)

  • Race: Terran Terran
  • Spawn Location: 5:00

Event: ESL SC2 Masters 2023 Summer (Regionals)

VOD

Have the link to the VOD?

Description

Time

  • Played on: May 7, 2023, 8:14 a.m.
  • Length: 11:42

All games in this series

Show
View Real Time Build Order
Export as new Build Order

Nice Protoss - Winner!

Build Orders: 1 Gate Expand, Blink Stalkers 

Get SALT Encoding   

  12  0:00  Probe  
  13  0:12  Probe  
  14  0:18  Pylon  
  14  0:24  Probe (Chrono Boost)  
  15  0:38  Probe (Chrono Boost)  
  15  0:39  Gateway  
  16  0:44  Probe (Chrono Boost)  
  16  0:48  Assimilator  
  17  0:52  Probe  
  18  1:04  Probe  
  19  1:16  Probe  
  20  1:26  Cybernetics Core  
  20  1:30  Zealot (Chrono Boost)  
  22  1:42  Nexus  
  21  1:48  Pylon  
  21  1:52  Probe  
  22  1:59  Assimilator  
  22  2:03  Adept (Chrono Boost)  
  22  2:04  Probe  
  25  2:10  Warp Gate  
  25  2:16  Probe  
  26  2:26  Stalker  
  26  2:28  Probe  
  29  2:41  Twilight Council  
  29  2:43  Probe  
  30  2:55  Probe  
  30  2:57  Probe (Chrono Boost)  
  32  3:03  Robotics Facility  
  32  3:09  Probe (Chrono Boost)  
  34  3:12  Probe (Chrono Boost)  
  34  3:17  Probe (Chrono Boost)  
  36  3:20  Probe (Chrono Boost)  
  36  3:22  Blink (Chrono Boost)  
  36  3:26  Probe  
  36  3:31  Probe  
  36  3:32  Gateway  
  38  3:38  Probe  
  38  3:39  Gateway  
  39  3:43  Probe  
  39  3:45  Shield Battery  
  40  3:50  Observer  
  40  3:51  Probe  
  43  3:55  Probe  
  43  3:59  Stalker  
  45  4:03  Probe  
  45  4:05  Pylon  
  46  4:22  Nexus  
  46  4:23  Probe x2, Observer (Chrono Boost)  
  49  4:25  Pylon  
  49  4:35  Probe x2  
  49  4:36  Stalker  
  53  4:39  Pylon, Observer  
  53  4:45  Stalker x2  
  58  4:49  Probe, Assimilator  
  58  4:50  Probe  
  60  4:53  Observer  
  60  4:55  Shield Battery  
  60  4:57  Pylon  
  60  5:06  Charge (Chrono Boost)  
  60  5:08  Shield Battery  
  60  5:10  Probe x2  
  62  5:16  Observer, Shield Battery  
  62  5:19  Shield Battery  
  62  5:20  Observer  
  63  5:21  Observer  
  63  5:22  Probe  
  63  5:23  Probe  
  65  5:31  Stalker  
  65  5:32  Stalker  
  65  5:34  Probe, Stalker  
  73  5:35  Probe (Chrono Boost)  
  73  5:38  Probe (Chrono Boost)  
  73  5:40  Observer  
  74  5:45  Observer  
  74  5:47  Probe (Chrono Boost)  
  77  5:51  Probe (Chrono Boost), Assimilator  
  77  5:53  Probe (Chrono Boost), Assimilator  
  77  5:54  Forge  
  77  5:56  Probe (Chrono Boost)  
  78  5:57  Probe (Chrono Boost)  
  78  5:58  Observer  
  78  6:00  Probe (Chrono Boost)  
  78  6:01  Probe (Chrono Boost), Observer  
  78  6:03  Observer  
  81  6:07  Probe  
  81  6:09  Stalker, Assimilator  
  84  6:13  Probe  
  84  6:14  Probe  
  86  6:18  Templar Archives  
  86  6:19  Probe  
  86  6:24  Protoss Ground Armor Level 1 (Chrono Boost)  
  86  6:25  Probe  
  88  6:26  Probe  
  88  6:30  Gateway  
  88  6:31  Probe, Gateway  
  90  6:33  Gateway  
  90  6:34  Psionic Storm  
  90  6:38  Gateway  
  90  6:42  Gateway  
  90  6:46  Warp Prism (Chrono Boost)  
  90  6:47  Pylon  
  92  6:54  Observer  
  92  7:05  Observer  
  92  7:06  High Templar x2  
  96  7:08  Observer  
  96  7:10  High Templar  
  96  7:11  Pylon  
  96  7:12  Gateway  
  96  7:15  Gateway  
  98  7:16  Pylon  
  98  7:17  Pylon  
  98  7:22  Nexus  
  98  7:24  Nexus  
  98  7:31  High Templar x2  
  98  7:32  Zealot x2  
  98  7:34  Probe x3  
  109  7:46  Stalker x2  
  110  8:04  Photon Cannon  
  108  8:05  High Templar x2  
  108  8:06  Zealot x5  
  108  8:07  Probe x3, Shield Battery  
  108  8:10  Archon  
  125  8:13  Pylon, Protoss Ground Armor Level 2 (Chrono Boost)  
  125  8:16  Pylon  
  125  8:18  Pylon  
  125  8:20  Robotics Bay  
  125  8:24  Robotics Facility  
  125  8:37  High Templar  
  125  8:38  High Templar, Zealot x4  
  137  8:42  Archon  
  126  9:00  Archon  
  126  9:02  Zealot x8  
  124  9:04  Archon  
  124  9:07  Probe x3  
  117  9:10  Probe  
  117  9:11  Colossus (Chrono Boost)  
  117  9:16  Colossus (Chrono Boost)  
  118  9:19  Probe x3  
  118  9:21  Extended Thermal Lance (Chrono Boost)  
  115  9:27  Forge  
  115  9:31  Probe x3  
  115  9:32  Probe  
  119  9:47  High Templar x2  
  119  9:48  Zealot x6  
  135  9:58  Pylon  
  135  10:00  Gateway  
  135  10:03  Gateway  
  135  10:06  Dark Shrine  
  135  10:13  Colossus (Chrono Boost)  
  141  10:21  High Templar  
  141  10:22  Zealot x7  
  141  10:24  Observer  
  157  10:30  Nexus  
  157  10:34  Pylon  
  157  10:37  High Templar, Stalker  
  157  10:38  Immortal (Chrono Boost)  
  165  10:55  High Templar x2, Zealot x5  
  179  10:59  Archon  
  178  11:10  Pylon x2  
  162  11:20  Archon  
  162  11:24  Zealot x10  
Show
View Real Time Build Order
Export as new Build Order

IGXY Terran 

Build Orders: Cyclone Opening 

Get SALT Encoding   

  12  0:00  SCV  
  13  0:12  SCV  
  14  0:16  Supply Depot  
  14  0:24  SCV  
  15  0:38  Barracks, SCV  
  16  0:44  Refinery  
  16  0:50  SCV  
  17  1:02  SCV  
  18  1:14  SCV  
  19  1:26  Marine  
  19  1:27  Orbital Command  
  20  1:44  Command Center  
  20  1:54  Factory  
  20  1:58  SCV  
  21  2:03  Barracks Reactor  
  21  2:07  Supply Depot  
  21  2:10  SCV  
  21  2:15  Refinery  
  22  2:22  SCV  
  23  2:34  SCV  
  24  2:37  Factory Tech Lab  
  24  2:41  Marine x2  
  26  2:46  SCV  
  27  2:55  Cyclone  
  27  2:56  Orbital Command  
  30  2:58  SCV  
  30  2:59  Marine x2  
  33  3:08  Starport  
  33  3:15  Orbital Command  
  33  3:18  Marine x2  
  35  3:20  SCV  
  36  3:33  SCV  
  39  3:40  SCV  
  40  3:46  Supply Depot  
  40  3:47  Supply Depot  
  39  3:48  SCV  
  39  3:50  Cloaking Field, Factory Tech Lab, Banshee  
  39  3:52  SCV  
  39  3:55  Marine  
  44  3:56  Marine, Supply Depot  
  44  4:00  SCV  
  46  4:07  SCV  
  46  4:09  Siege Tank  
  50  4:12  SCV  
  50  4:13  Marine  
  50  4:14  Marine  
  53  4:20  Supply Depot  
  53  4:21  SCV  
  54  4:24  SCV  
  54  4:31  Marine  
  56  4:32  Marine  
  56  4:33  SCV  
  56  4:34  Banshee  
  56  4:37  SCV  
  62  4:43  Bunker  
  62  4:46  SCV  
  62  4:48  Marine  
  62  4:49  Supply Depot  
  62  4:50  Marine  
  62  4:52  Siege Tank  
  68  4:56  SCV  
  68  4:58  SCV  
  70  5:03  Supply Depot  
  70  5:06  Marine  
  71  5:08  Marine, SCV  
  71  5:10  SCV  
  74  5:18  Raven  
  74  5:20  SCV  
  77  5:22  SCV, Command Center  
  77  5:26  Marine  
  79  5:32  SCV  
  79  5:34  SCV, Refinery, Marine  
  79  5:35  Refinery  
  80  5:44  SCV  
  80  5:46  SCV, Supply Depot  
  80  5:49  Marine  
  83  5:52  Marine  
  83  5:56  SCV  
  85  5:58  Barracks, SCV  
  86  6:08  SCV  
  84  6:12  Barracks  
  84  6:13  SCV  
  84  6:14  Barracks, Supply Depot  
  84  6:16  Engineering Bay  
  84  6:18  Engineering Bay  
  85  6:21  Starport Reactor  
  85  6:23  SCV  
  85  6:25  SCV  
  87  6:28  Factory Reactor  
  87  6:32  Barracks  
  87  6:34  Orbital Command  
  87  6:35  SCV  
  87  6:37  SCV  
  87  6:38  Marine, Supply Depot  
  90  6:43  Terran Infantry Weapons Level 1, Ghost Academy  
  90  6:44  Terran Infantry Armor Level 1  
  90  6:51  Stimpack  
  90  6:52  Marauder  
  92  6:58  Medivac x2  
  92  7:00  Marauder  
  98  7:03  Missile Turret  
  98  7:09  SCV x3  
  98  7:15  Supply Depot  
  101  7:16  Factory Reactor  
  101  7:18  Marauder, Marine  
  101  7:19  Marine  
  101  7:21  SCV, Marauder  
  108  7:25  Supply Depot  
  108  7:27  Marine x2, Barracks Tech Lab  
  108  7:28  SCV  
  111  7:33  SCV  
  111  7:36  Marine x2  
  114  7:37  Medivac x2  
  114  7:39  Supply Depot  
  114  7:40  Marauder  
  122  7:46  Marine x2, Marauder  
  126  7:56  Orbital Command  
  122  8:01  SCV x2, Barracks Tech Lab  
  122  8:08  Supply Depot  
  122  8:09  Supply Depot  
  122  8:10  Ghost  
  122  8:11  Marine x2  
  122  8:12  Ghost  
  126  8:13  SCV  
  126  8:15  SCV  
  126  8:16  Marine  
  126  8:17  Marine, Medivac x2  
  134  8:21  Ghost  
  134  8:24  SCV  
  137  8:29  Marine x2  
  137  8:31  Supply Depot  
  137  8:33  Supply Depot  
  139  8:35  Marine  
  139  8:36  Marine  
  139  8:38  Concussive Shells, Combat Shield  
  139  8:39  Missile Turret  
  139  8:40  Marauder  
  145  8:41  Marauder  
  145  8:44  Supply Depot  
  120  8:57  Marine x2, Marauder  
  120  8:59  Marine x2  
  120  9:01  Marauder, Medivac  
  114  9:02  Marauder  
  114  9:06  SCV x3  
  107  9:13  Orbital Command  
  107  9:15  Marine x2  
  107  9:16  Marine  
  107  9:17  Marine  
  84  9:18  SCV x2  
  84  9:19  Marauder  
  84  9:22  Marine  
  84  9:23  Marine  
  89  9:33  Marine x2  
  89  9:34  Marine x2  
  93  9:40  Marine x2  
  93  9:41  Marine  
  97  9:45  SCV  
  97  9:49  SCV  
  97  9:51  Marine x2  
  97  9:52  SCV, Marine x2  
  102  9:57  Ghost x2  
  102  9:59  Ghost  
  109  10:06  Viking  
  111  10:08  Marine  
  111  10:09  Marine  
  111  10:10  Marine x2  
  105  10:22  Viking  
  105  10:23  Orbital Command  
  105  10:26  Marine x3  
  105  10:27  Marine  
  105  10:28  Marine x2, Marauder  
  115  10:36  SCV  
  115  10:40  Viking  
  118  10:44  Marine x3, Marauder  
  118  10:45  SCV  
  118  10:46  Marine  
  118  10:49  Marauder  
  127  10:51  Marine  
  127  10:52  SCV  
  129  11:02  Marine x2, Viking, Marauder  
  129  11:03  Marine  
  136  11:06  SCV x3  
  136  11:10  Ghost  
Tags
 
Add a new tag
Caveats
  • Supply blocks, unpowered buildings, or Contaminate may cause inaccurate times.
  • Supply counts are checked every 10 seconds.